Map: Overgrown Facility

Players

Throwfordays - Winner!

  • Race: Protoss Protoss
  • League: Silver
  • Spawn Location: 3:00

Faust - Winner!

  • Race: Zerg Zerg
  • League: Diamond
  • Spawn Location: 1:00

Jeremy

  • Race: Protoss Protoss
  • Spawn Location: 7:00

Devo

  • Race: Zerg Zerg
  • Spawn Location: 9:00

VOD

Have the link to the VOD?

Description

Time

  • Played on: March 31, 2019, 12:06 a.m.
  • Length: 14:08
Show
View Real Time Build Order
Export as new Build Order

Throwfordays Protoss - Winner!

Build Orders:  

Get SALT Encoding   

  12  0:01  Probe  
  13  0:13  Probe  
  14  0:25  Probe  
  14  0:27  Pylon  
  15  0:41  Probe  
  15  0:49  Probe  
  16  0:50  Gateway  
  16  0:54  Pylon  
  17  0:59  Probe  
  18  1:10  Forge  
  18  1:23  Gateway  
  18  1:31  Probe  
  19  1:35  Assimilator  
  19  1:45  Photon Cannon  
  19  1:48  Photon Cannon  
  19  1:54  Pylon  
  19  1:59  Probe  
  20  2:11  Probe  
  20  2:14  Photon Cannon  
  21  2:23  Probe  
  22  2:41  Nexus  
  22  2:48  Pylon  
  22  2:54  Assimilator  
  22  3:06  Pylon  
  22  3:21  Probe  
  23  3:27  Photon Cannon  
  23  3:30  Photon Cannon  
  23  3:33  Probe  
  24  3:45  Probe  
  24  3:47  Pylon  
  25  3:53  Probe  
  26  3:57  Probe  
  27  4:05  Probe  
  27  4:08  Photon Cannon  
  28  4:10  Photon Cannon  
  27  4:32  Nexus  
  27  4:33  Probe  
  28  4:41  Probe  
  28  4:45  Probe  
  29  4:50  Probe  
  31  5:02  Probe  
  32  5:08  Photon Cannon  
  32  5:12  Photon Cannon  
  32  5:14  Probe  
  32  5:15  Pylon  
  32  5:26  Probe  
  33  5:38  Probe  
  33  5:55  Probe  
  29  5:58  Photon Cannon  
  29  6:00  Photon Cannon  
  29  6:01  Assimilator  
  29  6:07  Probe  
  30  6:15  Probe  
  30  6:23  Pylon, Probe  
  32  6:34  Probe  
  33  6:46  Probe  
  31  6:57  Pylon  
  31  7:12  Nexus  
  31  7:20  Probe  
  32  7:32  Probe  
  33  7:44  Probe  
  34  7:56  Probe  
  35  8:00  Nexus  
  35  8:09  Probe  
  36  8:16  Assimilator  
  36  8:21  Probe  
  36  8:26  Photon Cannon  
  37  8:34  Probe  
  38  8:35  Assimilator  
  38  8:37  Assimilator  
  38  8:47  Probe  
  39  8:51  Cybernetics Core  
  39  8:54  Protoss Shields Level 1  
  39  8:59  Probe  
  39  9:02  Probe  
  40  9:08  Probe  
  41  9:10  Probe  
  41  9:11  Probe  
  41  9:15  Pylon  
  41  9:16  Probe  
  44  9:18  Pylon  
  45  9:25  Probe  
  45  9:26  Cybernetics Core  
  46  9:37  Stargate  
  46  9:38  Stargate, Probe  
  47  9:40  Stargate  
  47  9:44  Probe  
  48  9:46  Stargate  
  48  9:50  Pylon, Probe  
  49  9:53  Pylon  
  49  9:56  Pylon, Probe  
  50  10:08  Probe  
  50  10:11  Twilight Council  
  51  10:14  Probe  
  51  10:17  Probe  
  51  10:18  Protoss Air Weapons Level 1  
  51  10:19  Protoss Air Armor Level 1  
  53  10:22  Probe  
  53  10:25  Probe  
  53  10:27  Void Ray x2  
  62  10:30  Probe  
  62  10:34  Void Ray  
  62  10:35  Probe  
  68  10:41  Probe  
  70  10:44  Fleet Beacon  
  69  10:50  Void Ray  
  69  10:54  Probe  
  71  11:04  Nexus  
  71  11:20  Nexus  
  71  11:23  Assimilator  
  71  11:27  Pylon  
  71  11:30  Pylon  
  71  11:34  Probe  
  72  11:42  Probe  
  73  11:49  Void Ray  
  73  11:52  Probe  
  78  12:04  Probe  
  85  12:09  Void Ray  
  85  12:12  Void Ray, Probe  
  87  12:16  Probe  
  87  12:20  Probe  
  89  12:24  Assimilator  
  89  12:28  Probe  
  89  12:29  Assimilator  
  91  12:30  Probe  
  91  12:33  Probe  
  93  12:39  Void Ray  
  93  12:42  Probe  
  98  12:46  Void Ray  
  102  12:54  Probe  
  103  13:07  Probe x2  
  103  13:08  Probe  
  106  13:15  Void Ray x2, Probe  
  106  13:16  Probe  
  106  13:19  Probe  
  116  13:23  Probe  
  116  13:26  Probe  
  117  13:31  Probe  
  120  13:43  Probe  
  121  13:55  Probe  
Show
View Real Time Build Order
Export as new Build Order

Faust Zerg - Winner!

Build Orders: Hatch First, Muta Ling Bane 

Get SALT Encoding   

  12  0:01  Drone  
  13  0:08  Drone  
  14  0:16  Extractor, Drone  
  15  0:23  Overlord  
  15  0:43  Drone x2  
  17  0:54  Hatchery  
  16  1:02  Drone  
  17  1:06  Extractor  
  17  1:08  Drone  
  17  1:20  Spawning Pool  
  16  1:33  Overlord  
  16  1:35  Drone x2  
  18  1:45  Drone  
  19  2:11  Metabolic Boost  
  19  2:12  Queen x2  
  19  2:14  Drone  
  19  2:15  Drone  
  25  2:17  Drone  
  25  2:20  Drone  
  27  2:26  Drone  
  27  2:28  Drone  
  29  2:31  Drone  
  30  2:40  Baneling Nest  
  30  2:41  Drone  
  30  2:46  Overlord  
  30  2:53  Drone x2  
  32  3:11  Lair  
  32  3:23  Drone x5  
  32  3:24  Drone x5  
  32  3:26  Overlord  
  42  3:31  Overlord  
  42  3:36  Extractor  
  42  3:38  Spore Crawler  
  42  3:41  Spore Crawler  
  39  3:43  Extractor  
  39  3:45  Extractor  
  37  3:53  Drone x3  
  37  3:54  Drone  
  37  3:55  Drone x3  
  44  4:00  Drone x2  
  46  4:03  Overlord  
  46  4:16  Spire  
  45  4:22  Drone x4  
  49  4:35  Hatchery  
  48  4:48  Overlord x3  
  48  4:51  Drone x5  
  53  4:58  Zergling x2  
  54  5:03  Zergling x8  
  54  5:05  Zergling x6  
  61  5:20  Zergling x6  
  64  5:47  Zergling x2  
  64  5:48  Zergling x10  
  67  5:52  Zergling x2  
  68  6:00  Overlord x2  
  68  6:04  Queen  
  68  6:07  Mutalisk  
  68  6:08  Mutalisk x5  
  82  6:23  Drone x4  
  84  6:36  Mutalisk  
  84  6:37  Mutalisk x8  
  97  6:48  Mutalisk  
  97  7:01  Mutalisk  
  97  7:07  Extractor  
  98  7:10  Extractor  
  97  7:20  Zerg Flyer Weapons Level 1  
  97  7:21  Centrifical Hooks  
  97  7:30  Drone x3  
  97  7:31  Drone x3  
  99  8:11  Mutalisk x6  
  107  8:16  Mutalisk  
  105  8:39  Mutalisk  
  105  9:00  Drone  
  106  9:03  Overlord x8  
  106  9:04  Overlord  
  106  9:07  Hatchery  
  106  9:08  Extractor  
  106  9:09  Extractor  
  101  9:51  Mutalisk  
  101  9:52  Mutalisk x13  
  99  9:57  Zergling x22  
  136  10:15  Mutalisk  
  136  10:16  Mutalisk x3  
  144  10:31  Drone x4  
  144  10:32  Queen, Drone x2  
  152  10:52  Zerg Flyer Weapons Level 2  
  152  10:54  Evolution Chamber  
  152  10:56  Evolution Chamber  
  148  11:19  Drone x2  
  148  11:20  Drone x9, Overlord x4  
  159  11:26  Infestation Pit  
  159  11:27  Zerg Melee Weapons Level 1  
  159  11:28  Zerg Ground Armor Level 1  
  135  12:06  Zergling x2, Mutalisk  
  135  12:07  Mutalisk x15  
  165  12:20  Drone x2  
  165  12:21  Drone x5  
  172  12:28  Mutalisk x3  
  178  12:59  Mutalisk x8  
  178  13:00  Mutalisk  
  196  13:25  Extractor x2  
  196  13:26  Hatchery  
Show
View Real Time Build Order
Export as new Build Order

Jeremy Protoss 

Build Orders: Oracle Opening 

Get SALT Encoding   

  12  0:03  Probe  
  13  0:22  Pylon  
  13  0:26  Probe  
  14  0:32  Assimilator  
  14  0:54  Probe  
  14  0:55  Gateway  
  15  1:02  Assimilator  
  15  1:06  Probe  
  16  1:26  Probe  
  17  1:38  Probe  
  18  1:46  Probe  
  18  1:51  Cybernetics Core  
  19  1:54  Probe  
  20  2:04  Probe  
  21  2:16  Probe  
  22  2:27  Pylon  
  22  2:29  Stargate  
  22  2:31  Stargate  
  22  2:48  Nexus, Probe  
  23  3:00  Probe  
  23  3:02  Oracle  
  23  3:04  Oracle  
  27  3:18  Probe  
  31  3:31  Pylon  
  31  3:36  Pylon  
  31  3:46  Void Ray  
  31  3:49  Probe  
  32  4:01  Probe  
  37  4:13  Probe  
  35  4:25  Probe  
  36  4:36  Void Ray  
  36  4:37  Void Ray  
  44  4:54  Probe x2  
  46  5:06  Probe x2  
  48  5:08  Assimilator  
  48  5:09  Assimilator  
  48  5:18  Probe x2  
  48  5:19  Void Ray  
  54  5:27  Void Ray  
  58  5:30  Probe x2  
  60  5:42  Probe x2  
  62  6:04  Stargate  
  62  6:30  Pylon  
  62  6:32  Pylon  
  62  6:36  Forge  
  62  6:48  Void Ray, Probe x2  
  64  6:54  Void Ray  
  64  7:00  Probe  
  65  7:06  Void Ray  
  65  7:12  Photon Cannon  
  65  7:14  Photon Cannon  
  65  7:16  Photon Cannon  
  65  7:28  Nexus, Probe x2  
  67  7:31  Void Ray  
  71  7:37  Void Ray  
  74  7:48  Phoenix  
  64  8:13  Phoenix  
  64  8:14  Void Ray  
  70  8:20  Void Ray  
  65  8:38  Phoenix  
  67  8:46  Probe  
  67  8:48  Probe  
  69  8:57  Phoenix  
  69  8:58  Probe  
  69  9:00  Probe  
  73  9:03  Phoenix x2  
  77  9:10  Photon Cannon, Probe  
  77  9:12  Photon Cannon  
  78  9:35  Phoenix  
  78  9:37  Probe x2  
  78  9:54  Pylon  
  78  9:56  Pylon, Protoss Air Weapons Level 1  
  78  10:02  Pylon  
  78  10:12  Phoenix x3, Probe x2  
  86  10:25  Probe  
  87  10:37  Phoenix x3  
  93  11:02  Phoenix  
  75  11:28  Photon Cannon  
  75  11:30  Photon Cannon  
  75  11:32  Photon Cannon  
  55  11:33  Pylon  
  55  11:35  Photon Cannon  
  55  11:39  Photon Cannon  
  40  12:03  Phoenix  
  24  12:37  Pylon  
  22  13:55  Nexus  
Show
View Real Time Build Order
Export as new Build Order

Devo Zerg 

Build Orders: Hatch First, Roach Nydus 

Get SALT Encoding   

  12  0:07  Drone  
  13  0:20  Drone  
  14  0:24  Overlord  
  14  0:51  Drone  
  14  0:52  Hatchery  
  14  0:59  Drone x2  
  16  1:07  Drone  
  17  1:14  Drone  
  18  1:24  Spawning Pool, Drone  
  18  1:29  Extractor  
  17  1:34  Drone  
  18  1:50  Drone  
  19  1:59  Drone  
  20  2:14  Drone  
  20  2:15  Drone  
  22  2:19  Queen  
  24  2:30  Extractor  
  24  2:32  Drone  
  24  2:33  Drone x3  
  27  2:47  Roach Warren  
  27  2:50  Drone x2  
  28  2:53  Lair  
  28  3:08  Overlord x2  
  28  3:10  Overlord  
  28  3:32  Roach  
  28  3:33  Roach x4  
  38  3:35  Hatchery  
  38  3:37  Zergling x2  
  38  3:52  Drone  
  38  3:53  Drone  
  40  3:55  Nydus Network  
  40  3:59  Glial Reconstitution  
  39  4:07  Drone x2  
  39  4:09  Evolution Chamber  
  40  4:25  Roach x2  
  40  4:26  Roach x2  
  48  4:39  Nydus Canal  
  48  4:43  Queen  
  48  4:45  Roach  
  52  4:46  Overlord  
  52  5:07  Roach x2  
  52  5:08  Roach x4  
  63  5:37  Roach  
  63  5:46  Zergling x4  
  63  5:55  Roach  
  55  6:33  Roach x3  
  55  6:34  Roach x3  
  51  6:49  Spire  
  50  6:58  Extractor  
  49  7:02  Hydralisk Den  
  48  7:09  Spore Crawler  
  48  7:15  Spore Crawler  
  46  7:19  Queen  
  48  7:33  Spore Crawler  
  47  7:39  Spore Crawler  
  47  7:41  Spore Crawler  
  47  7:43  Grooved Spines  
  45  7:44  Hydralisk x3  
  45  7:45  Hydralisk x3  
  57  8:12  Hydralisk x3  
  62  8:38  Zerg Missile Weapons Level 1  
  62  8:40  Hydralisk  
  64  8:43  Zergling x2  
  64  8:47  Overlord x4  
  61  9:12  Mutalisk  
  61  9:19  Zerg Flyer Weapons Level 1  
  59  9:28  Queen  
  61  9:36  Spore Crawler  
  60  9:40  Hydralisk  
  60  9:41  Hydralisk  
  40  10:05  Queen  
  40  10:11  Corruptor  
  40  10:12  Corruptor  
  44  10:24  Drone x4  
  44  10:25  Drone x5  
  53  10:37  Extractor  
  53  10:41  Queen  
  54  11:13  Corruptor x2  
  54  11:16  Queen  
  60  11:24  Corruptor  
  62  11:49  Corruptor  
  62  11:50  Corruptor  
  62  11:51  Corruptor  
  66  12:07  Corruptor  
  50  12:30  Queen  
  50  12:32  Corruptor  
  54  12:42  Drone  
  54  12:43  Drone x2  
  57  12:54  Corruptor  
  57  12:55  Corruptor x5  
  57  12:56  Corruptor x4  
  57  12:58  Queen  
  79  13:06  Queen  
  81  13:20  Queen  
  81  13:24  Corruptor x3  
  81  13:25  Corruptor x2  
  81  13:26  Overlord x3  
  69  13:36  Zergling x2  
  69  13:37  Zergling x6  
Tags
 
Add a new tag
Caveats
  • Supply blocks, unpowered buildings, or Contaminate may cause inaccurate times.
  • Supply counts are checked every 10 seconds.